 Dungeon Crawl Stone Soup version 0.27.0-1-g7a089689b8 (webtiles) character file.

Game seed: 12374400804683142629

961 math4jedi the Poker (level 7, -3/63 HPs)
             Began as a Minotaur Berserker on Aug 10, 2021.
             Was a Believer of Trog.
             Slain by an orc warrior (12 damage)
             ... on level 5 of the Dungeon.
             The game lasted 00:11:22 (4240 turns).

math4jedi the Poker (Minotaur Berserker)            Turns: 4240, Time: 00:11:23

Health: -3/63      AC: 10    Str: 22    XL:     7   Next: 92%
Magic:  6/6        EV:  9    Int:  4    God:    Trog [**....]
Gold:   337        SH:  0    Dex: 11    Spells: 6/6 levels left

rFire    . . .     SeeInvis .   a - +0 trident
rCold    . . .     Faith    .   (no shield)
rNeg     . . .     Spirit   .   l - +0 chain mail
rPois    .         Reflect  .   (helmet restricted)
rElec    .         Harm     .   (no cloak)
rCorr    .         Rampage  .   (no gloves)
Will     .....                  (no boots)
Stlth    ..........             c - amulet of the acrobat
HPRegen  0.20/turn              (no ring)
MPRegen  0.10/turn              (no ring)

@: no status effects
A: horns 2, retaliatory headbutt
a: Renounce Religion, Berserk, Trog's Hand


You were on level 5 of the Dungeon.
You worshipped Trog.
Trog was pleased with you.
You visited 1 branch of the dungeon, and saw 5 of its levels.

You collected 337 gold pieces.

Inventory:

Hand Weapons
 a - a +0 trident (weapon)
 s - a +1 spear
Missiles
 r - 2 silver boomerangs (quivered)
Armour
 b - a +0 animal skin
 e - a +0 ring mail
 l - a +0 chain mail (worn)
 o - a +0 plate armour
Jewellery
 c - an amulet of the acrobat (around neck)
 n - an amulet of magic regeneration
Wands
 v - a wand of digging (4)
Scrolls
 f - a scroll of enchant weapon
 h - a scroll of immolation {unknown}
 j - a scroll of holy word
 k - 2 scrolls of teleportation
 m - a scroll of vulnerability {unknown}
 p - a scroll of magic mapping
 u - a scroll of enchant armour {unknown}
Potions
 d - a potion of ambrosia {unknown}
 g - 4 potions of curing
 i - a potion of resistance {unknown}
 q - a potion of flight
 t - a potion of heal wounds {unknown}


   Skills:
 - Level 6.0 Fighting
 - Level 6.0 Polearms
 - Level 6.0 Armour
 * Level 5.7 Dodging
 - Level 2.0 Stealth


You had 6 spell levels left.
You didn't know any spells.
Your spell library was empty.

Dungeon Overview and Level Annotations

Branches:
Dungeon (5/15)             Temple (0/1) D:4

Altars:
Sif Muna
Vehumet
Xom


Innate Abilities, Weirdness & Mutations

You have a pair of horns on your head.
You reflexively headbutt those who attack you in melee.


Message History

The orc warrior is heavily wounded.
The orc warrior hits you with a +0 glaive!
* * * LOW HITPOINT WARNING * * *
You hit the orc warrior but do no damage.
Your headbutt misses the orc warrior.
The orc warrior is heavily wounded.
The orc warrior closely misses you.
You hit the orc warrior but do no damage.
The orc warrior is heavily wounded.
The orc warrior hits you but does no damage.
You barely miss the orc warrior. Your headbutt misses the orc warrior.
The orc warrior is heavily wounded.
The orc warrior barely misses you.
You completely miss the orc warrior.
The orc warrior is heavily wounded.
The orc warrior barely misses you. You furiously retaliate!
You headbutt the orc warrior, but do no damage.
You barely miss the orc warrior. Your headbutt misses the orc warrior.
The orc warrior is heavily wounded.
The orc warrior closely misses you. You furiously retaliate!
You headbutt the orc warrior, but do no damage.
You closely miss the orc warrior.
The orc warrior is heavily wounded.
The orc warrior hits you with a +0 glaive!
* * * LOW HITPOINT WARNING * * *
You hit the orc warrior.
The orc warrior is severely wounded.
The orc warrior barely misses you. You furiously retaliate!
You headbutt the orc warrior, but do no damage.
You closely miss the orc warrior.
The orc warrior is severely wounded.
The orc warrior barely misses you.
You barely miss the orc warrior.
The orc warrior is severely wounded.
The orc warrior completely misses you. You furiously retaliate!
You headbutt the orc warrior, but do no damage.
You hit the orc warrior.
The orc warrior is almost dead.
The orc warrior hits you with a +0 glaive!
You die...

#.# ## #.. ... .. #.# ..# #.
#.# ..# #.##.# ## ..#
#..#.##.##SO ..# #..#.##...#
###### ..# #....#
#...###..o.##..#
#.#..##.#.#.#.#@#..#..#
#.#.........#...#o....#
#.#.).#####....##..#).####
##.##.#######..(###........
.......)...)................
##..#†#######.#######.......
#.##.# #.# ####### ... #.#
#.# ## #.## #(#


You could see an orc warrior.

Vanquished Creatures
  A sky beast (D:5)
  A black bear (D:4)
  An ice beast (D:5)
  3 ogres (D:5)
  A necrophage (D:5)
  A centaur (D:5)
  A phantom (D:3)
  Blork the orc (D:5)
  5 adders
  A howler monkey skeleton (D:5)
  An ufetubus (D:5)
  4 dart slugs
  9 orcs (D:5)
  4 endoplasms (D:2)
  A giant cockroach (D:1)
  5 goblins
  7 hobgoblins
  3 kobolds
  2 quokkas
  3 ball pythons
  3 bats (D:2)
  8 frilled lizards
  3 rats
69 creatures vanquished.

Notes
Turn   | Place    | Note
-------+----------+-------------------------------------------
     0 | D:1      | math4jedi the Minotaur Berserker began the quest for the
                  | Orb.
     0 | D:1      | Reached XP level 1. HP: 19/19 MP: 0/0
    87 | D:1      | Reached XP level 2. HP: 22/26 MP: 1/1
   309 | D:1      | Reached skill level 1 in Stealth
   773 | D:2      | Found a shimmering altar of Xom.
   804 | D:2      | Reached XP level 3. HP: 27/31 MP: 2/2
   873 | D:2      | Reached ** piety under Trog
  1060 | D:2      | Reached skill level 5 in Polearms
  1152 | D:2      | Found a faded altar of an unknown god.
  1836 | D:3      | Found a radiant altar of Vehumet.
  1973 | D:3      | Found a shimmering blue altar of Sif Muna.
  2059 | D:3      | Noticed a phantom
  2091 | D:3      | Killed a phantom
  2092 | D:3      | Reached XP level 4. HP: 15/40 MP: 3/3
  2092 | D:3      | Reached XP level 5. HP: 17/46 MP: 4/4
  2512 | D:4      | Found a staircase to the Ecumenical Temple.
  2514 | D:4      | Noticed a black bear
  2525 | D:4      | Killed a black bear
  2775 | D:4      | You fall into a shaft and drop 1 floor!
  2775 | D:5      | Entered Level 5 of the Dungeon
  3019 | D:5      | Noticed a sky beast
  3036 | D:5      | HP: 1/47 [something (6)]
  3048 | D:5      | Killed a sky beast
  3049 | D:5      | Reached XP level 6. HP: 15/53 MP: 5/5
  3372 | D:5      | Reached skill level 5 in Fighting
  3472 | D:5      | Noticed an ice beast
  3488 | D:5      | Killed an ice beast
  3489 | D:5      | Reached XP level 7. HP: 19/61 MP: 6/6
  3960 | D:5      | Noticed Blork the orc
  3975 | D:5      | Killed Blork the orc
  3981 | D:5      | Reached skill level 5 in Armour
  4058 | D:5      | Reached skill level 5 in Dodging
  4240 | D:5      | Slain by an orc warrior

Illustrated notes

Levels and vault maps discovered:
D:1:      nzn_arrival_depleted_hourglass, layout_basic, serial_bayou_pond_d,
          minmay_misc_feat_iff
D:2:      mumra_celtic_spiral_tile, layout_basic, basic_altar,
          chequers_ecumenical_altar_island
D:3:      layout_rooms, overflow_temple_1_default, amcnicky_altar_gilded
D:4:      layout_basic, nicolae_overflow_hidden_temple,
          minmay_temple_entry_sparse_star
D:5:      layout_basic, minmay_manual_monstrance, uniq_blork_the_orc

Skill      XL: |  1  2  3  4  5  6  7 |
---------------+----------------------+-----
Polearms       | 4 6 |  6.0
Stealth        | 1 2 |  2.0
Fighting       | 4 5 6 |  6.0
Armour         | 3 4 6 |  6.0
Dodging        | 3 4 5 |  5.7

Action                   |  1- 3 |  4- 6 |  7- 9 || total
-------------------------+-------+-------+-------++-------
Melee: Spear             |   119 |    41 |       ||   160
       Headbutt          |    15 |    10 |     5 ||    30
       Trident           |       |    39 |    37 ||    76
Throw: Boomerang         |       |     2 |     3 ||     5
Invok: Trog's Hand       |     1 |     2 |     1 ||     4
       Berserk           |       |       |     1 ||     1
  Use: Scroll            |     2 |     4 |     1 ||     7
       Potion            |       |     2 |       ||     2
 Stab: Sleeping          |     1 |       |       ||     1
Armor: Ring mail         |    16 |       |       ||    16
       Chain mail        |     8 |    43 |     3 ||    54
Dodge: Dodged            |    39 |    24 |    13 ||    76
